 Dungeon Sprint DCSS version 0.28-a0-8-g6e044cfa68 (webtiles) character file.

Game seed: 17147308204645714121

14847 mhtbhm the Severer (level 11, -27/112 HPs)
             Began as a Purple Draconian Monk on July 24, 2021.
             Was the Champion of Qazlal.
             Killed from afar by a hell hog (43 damage)
             ... with a fireball
             ... in the Dungeon (Sprint VII: "The Pits").
             The game lasted 00:05:23 (3345 turns).

mhtbhm the Severer (Purple Draconian Monk)          Turns: 3345, Time: 00:05:24

Health: -27/112    AC:  8    Str: 17    XL:     11   Next: 94%
Magic:  20/20      EV: 20    Int: 11    God:    Qazlal [******]
Gold:   56         SH:  8    Dex: 19    Spells: 10/10 levels left

rFire   + . .      SeeInvis .   a - +8 mithril axe "Arga" {speed, Will+}
rCold   . . .      Faith    .   (no shield)
rNeg    . . .      Spirit   .   (armour unavailable)
rPois   .          Reflect  .   (helmet restricted)
rElec   .          Harm     +   z - scarf {harm}
rCorr   .          Rampage  .   (no gloves)
Will    ++...      NoTele   +   p - +0 pair of boots
Stlth   +.........              (no amulet)
HPRegen 0.28/turn               k - +3 ring of dexterity
MPRegen 0.17/turn               l - +3 ring of dexterity

@: protected from fire, repel missiles
A: breathe power, AC +7, unfitting armour, cold-blooded
a: Breathe Dispelling Energy, Renounce Religion, Upheaval, Elemental Force,
Disaster Area


You were in the Dungeon.
You worshipped Qazlal.
Qazlal was exalted by your worship.
You visited 1 branch You collected 56 gold pieces.

Inventory:

Hand Weapons
 a - the +8 mithril axe "Arga" (weapon) {speed, Will+}
   (You found it in the Dungeon)

   Attacks with this weapon are significantly faster.
   Will:      It increases your willpower.
Missiles
 A - 10 javelins (quivered)
Armour
 p - a +0 pair of boots (worn)
 q - a +0 cloak
 z - a scarf of harm (worn)
Jewellery
 k - a +3 ring of dexterity (left hand)
 l - a +3 ring of dexterity (right hand)
 s - a ring of positive energy
 x - a ring of willpower
Wands
 y - a wand of mindburst (12)
Scrolls
 g - 3 scrolls of blinking
 i - 6 scrolls of amnesia
 j - a scroll of summoning
 u - 2 scrolls of fog
 v - 2 scrolls of fear
 w - 4 scrolls of enchant armour
Potions
 b - 6 potions of curing
 c - 8 potions of heal wounds
 d - a potion of haste
 e - 4 potions of magic
 f - 4 potions of berserk rage
 h - 2 potions of invisibility
 m - 3 potions of might
 n - 2 potions of resistance
 o - 4 potions of brilliance
 r - 2 potions of mutation
Miscellaneous
 t - a phial of floods


   Skills:
 + Level 15.0 Fighting
 + Level 18.4 Axes
 + Level 12.2 Dodging
 - Level 3.4 Stealth
 + Level 7.7 Shields
 * Level 12.6 Invocations
 + Level 1.0 Evocations


You had 10 spell levels left.
You didn't know any spells.
Your spell library contained the following spells:

 Spells                   Type           Power      Damage    Failure   Level
 Summon Small Mammal      Summ           0%         N/A       34%         1
 Call Canine Familiar     Summ           0%         N/A       71%         3
 Summon Guardian Golem    Hex/Summ       0%         N/A       71%         3


Dungeon Overview and Level Annotations

Branches:
Dungeon (1/1)

Altars:
Ashenzari
Cheibriados
Dithmenos
Elyvilon
Fedhas
Gozag
Hepliaklqana
Kikubaaqudgha
Makhleb
Nemelex Xobeh
Okawaru
Qazlal
Ru
Sif Muna
Trog
Uskayaw
Vehumet
Wu Jian
Xom
Yredelemnul
Zin
The Shining One
Beogh
Jiyva
Lugonu


Innate Abilities, Weirdness & Mutations

You can breathe bolts of dispelling energy.
Your rich purple scales are hard. (AC +7)
You cannot fit into any form of body armour.
You are cold-blooded and may be slowed by cold attacks.


Message History

You feel less protected from physical attacks.
You start resting.
You start resting.
You start resting.
Things that are here:
a +0 trident; 4 boomerangs; a merfolk skeleton You see here a +0 trident.
You start resting.
HP restored.
You see here a +0 trident.
Things that are here:
a +0 trident; 4 boomerangs; a merfolk skeleton
Things that are here:
5 boomerangs; a merfolk skeleton
Items here: ( ) [ ÷.
A - 10 javelins
Things that are here:
5 boomerangs; a merfolk skeleton You hear an angry squeal.
A hell hog comes into view.
The hell hog squeals angrily.
You hear an angry squeal.
You hear a howl!
The hell hog breathes fire at you.
The fireball explodes!
The fireball engulfs you!!!
You hear a howl!
A wolf comes into view.
The wolf moves out of view.
A hell hog comes into view.
You hear an angry squeal.
A hell hog comes into view.
A wolf comes into view.
You hear an angry squeal.
The hell hog breathes fire at you.
The fireball explodes!
The fireball engulfs you!!
* * * LOW HITPOINT WARNING * * *
The fireball engulfs the hell hog.
The hell hog resists.
You hear a sizzling sound!
The hell hog breathes fire at you.
The fireball explodes!
The fireball engulfs the hell hog.
The hell hog resists.
The fireball engulfs you!!!
You feel protected from fire.
You die...

+#######################
...).)..))....°...☼.hh..
.....)(.........@h.h.h..
.##############++#######
.# .# .# .# .# .# .#


You could see 3 hell hogs and 2 wolves.

Vanquished Creatures
  A merfolk javelineer (D)
  A boulder beetle (D)
  2 two-headed ogres (D)
  An alligator (D)
  An anaconda (D)
  An orc high priest (D)
  A deep troll (D)
  A sea snake (D)
  2 flayed ghosts (D)
  A deep elf pyromancer (D)
  A deep elf zephyrmancer (D)
  An orc knight (D)
  A cyclops (D)
  An elephant (D)
  A molten gargoyle (D)
  An orange demon (D)
  An efreet (D)
  3 kobold demonologists (D)
  An unseen horror (D)
  A komodo dragon (D)
  A jumping spider (D)
  3 merfolk (D)
  A vampire (D)
  A redback (D)
  4 yaks (D)
  A basilisk (D)
  A fire bat (D)
  A fire elemental (D)
  A steam dragon (D)
  3 wargs (D)
  9 orc warriors (D)
  A swamp drake (D)
  A sky beast (D)
  An ogre (D)
  A wolf (D)
  A centaur (D)
  2 kobold brigands (D)
  2 scorpions (D)
  A quasit (D)
  5 orc priests (D)
  7 orc wizards (D)
  A mummy (D)
  3 gnolls (D)
  A river rat (D)
  An ufetubus (D)
  A worm (D)
  13 orcs (D)
  A ball python (D)
  A giant cockroach (D)
  2 hobgoblins (D)
  15 jackals (D)
  2 kobolds (D)
  A frilled lizard (D)
  2 rats (D)
116 creatures vanquished.

Vanquished Creatures (others)
  2 orcs (D)
2 creatures vanquished.

Grand Total: 118 creatures vanquished

Notes
Turn   | Place    | Note
-------+----------+-------------------------------------------
     0 | D        | mhtbhm the Draconian Monk began the quest for the Orb.
     0 | D        | Reached XP level 1. HP: 19/19 MP: 1/1
   175 | D        | Found a bloodstained altar of Trog.
   175 | D        | Found a shimmering blue altar of Sif Muna.
   175 | D        | Found a viscous altar of Jiyva.
   175 | D        | Found a hazy altar of Hepliaklqana.
   175 | D        | Found an opulent altar of Gozag.
   176 | D        | Found a glowing golden altar of the Shining One.
   176 | D        | Found a glowing silver altar of Zin.
   176 | D        | Found a basalt altar of Yredelemnul.
   176 | D        | Found a shimmering altar of Xom.
   176 | D        | Found an ornate altar of the Wu Jian Council.
   176 | D        | Found a sacrificial altar of Ru.
   176 | D        | Found a stormy altar of Qazlal.
   176 | D        | Found an iron altar of Okawaru.
   176 | D        | Found a sparkling altar of Nemelex Xobeh.
   176 | D        | Found a burning altar of Makhleb.
   176 | D        | Found a blossoming altar of Fedhas.
   176 | D        | Found a white marble altar of Elyvilon.
   176 | D        | Found a shadowy altar of Dithmenos.
   176 | D        | Found a snail-covered altar of Cheibriados.
   178 | D        | Found a radiant altar of Vehumet.
   178 | D        | Found a corrupted altar of Lugonu.
   179 | D        | Found a hide-covered altar of Uskayaw.
   179 | D        | Found an ancient bone altar of Kikubaaqudgha.
   179 | D        | Found a broken altar of Ashenzari.
   183 | D        | Became a worshipper of Qazlal Stormbringer
   183 | D        | Reached * piety under Qazlal
   183 | D        | Reached ** piety under Qazlal
   229 | D        | Reached skill level 4 in Axes
   229 | D        | Reached XP level 2. HP: 18/28 MP: 2/2
   349 | D        | Noticed a fire bat
   349 | D        | Noticed a scorpion
   357 | D        | Killed a scorpion
   357 | D        | Reached *** piety under Qazlal
   358 | D        | Reached skill level 5 in Fighting
   358 | D        | Reached skill level 5 in Axes
   358 | D        | Reached XP level 3. HP: 26/36 MP: 3/3
   358 | D        | Reached XP level 4. HP: 31/42 MP: 4/4
   359 | D        | Killed a fire bat
   360 | D        | Reached skill level 7 in Axes
   360 | D        | Reached XP level 5. HP: 35/52 MP: 5/5
   587 | D        | Reached **** piety under Qazlal
   588 | D        | Reached skill level 8 in Axes
   589 | D        | Noticed a sky beast
   590 | D        | Noticed an orc warrior
   595 | D        | Reached XP level 6. HP: 47/61 MP: 6/6
   596 | D        | Reached ***** piety under Qazlal
   597 | D        | Reached skill level 9 in Axes
   601 | D        | Killed a sky beast
   613 | D        | HP: 2/62 [orc warrior (5)]
   616 | D        | Reached skill level 10 in Axes
   620 | D        | Killed an orc warrior
   621 | D        | Your scales start taking on a rich purple colour.
   621 | D        | Reached XP level 7. HP: 26/70 MP: 7/7
   853 | D        | Reached skill level 1 in Shields
   872 | D        | Reached skill level 11 in Axes
   967 | D        | Noticed an orange demon
   968 | D        | Reached ****** piety under Qazlal
   979 | D        | Killed an orange demon
   980 | D        | Reached skill level 10 in Fighting
   980 | D        | Reached XP level 8. HP: 76/79 MP: 8/8
   998 | D        | Found the +8 mithril axe "Arga" {speed, Will+}
  1107 | D        | Noticed a two-headed ogre
  1107 | D        | Noticed a komodo dragon
  1117 | D        | Killed a komodo dragon
  1118 | D        | Reached skill level 12 in Axes
  1124 | D        | Killed a two-headed ogre
  1125 | D        | Reached skill level 13 in Axes
  1325 | D        | Reached XP level 9. HP: 76/89 MP: 12/12
  1328 | D        | Reached skill level 5 in Invocations
  1332 | D        | Reached skill level 10 in Dodging
  1335 | D        | Noticed a flayed ghost
  1344 | D        | Noticed an orc high priest
  1349 | D        | Killed a flayed ghost
  1350 | D        | Reached skill level 14 in Axes
  1358 | D        | Killed an orc high priest
  1359 | D        | Reached skill level 5 in Shields
  1741 | D        | Noticed an efreet
  1742 | D        | Noticed a deep elf pyromancer
  1744 | D        | Noticed a sea snake
  1746 | D        | Noticed an elephant
  1751 | D        | Killed an efreet
  1752 | D        | Reached XP level 10. HP: 87/97 MP: 15/15
  1755 | D        | Killed an elephant
  1755 | D        | Killed a deep elf pyromancer
  1756 | D        | Reached skill level 15 in Axes
  1759 | D        | Killed a sea snake
  1955 | D        | Noticed a deep troll
  1967 | D        | Noticed a soul eater
  1969 | D        | Killed a deep troll
  1970 | D        | Reached skill level 16 in Axes
  2228 | D        | Noticed a deep elf zephyrmancer
  2251 | D        | Reached skill level 10 in Invocations
  2252 | D        | Killed a deep elf zephyrmancer
  2256 | D        | Reached XP level 11. HP: 90/107 MP: 18/18
  2343 | D        | Noticed a flayed ghost
  2343 | D        | Noticed an alligator
  2354 | D        | Killed a flayed ghost
  2355 | D        | Reached skill level 17 in Axes
  2358 | D        | Killed an alligator
  2627 | D        | Noticed a boulder beetle
  2631 | D        | Noticed an anaconda
  2637 | D        | Killed a boulder beetle
  2638 | D        | Noticed an orc knight
  2642 | D        | Killed an anaconda
  2645 | D        | Killed an orc knight
  2666 | D        | Reached skill level 18 in Axes
  2981 | D        | Noticed a two-headed ogre
  2982 | D        | Noticed a merfolk javelineer
  2989 | D        | Killed a merfolk javelineer
  2993 | D        | Killed a two-headed ogre
  2994 | D        | Reached skill level 15 in Fighting
  3001 | D        | Reached skill level 1 in Evocations
  3342 | D        | Noticed a hell hog
  3344 | D        | Noticed a hell hog
  3344 | D        | Noticed a hell hog
  3345 | D        | Killed from afar by a hell hog

Illustrated notes

Levels and vault maps discovered:
D:        pitsprint [storerooms_1, entrance_room_1, metal_vault_1, armoury_2,
          mini_pit_1, grid_room_1, main_hall_1, silver_pit, the_coven_1,
          the_vestibule_1, steel_vault_1, golden_pit, hallway_of_sentries,
          crystal_vault_2, iron_vault_4, final_vault]

Skill      XL: |  1  2  3  4  5  6  7  8  9 10 11 |
---------------+----------------------------------+-----
Dodging        | 3 4 6 8 9 10 11 12 | 12.2
Fighting       | 4 5 7 9 10 11 12 13 15 | 15.0
Axes           | 4 5 7 8 10 11 13 14 16 18 | 18.4
Stealth        | 2 3 |  3.4
Shields        | 2 3 5 6 7 |  7.7
Invocations    | 4 7 10 12 | 12.6
Evocations     | 1 |  1.0

Action                   |  1- 3 |  4- 6 |  7- 9 | 10-12 || total
-------------------------+-------+-------+-------+-------++-------
Melee: Hand axe          |    20 |    33 |    34 |       ||    87
       Tailslap          |     3 |     5 |    15 |    23 ||    46
       Broad axe         |       |       |    63 |    96 ||   159
Invok: Disaster Area     |       |       |       |     3 ||     3
Evoke: Wand              |       |       |       |     2 ||     2
       Phial of floods   |       |       |       |     1 ||     1
  Use: Potion            |     1 |     3 |       |     3 ||     7
Armor: Skin              |     7 |    11 |    10 |    15 ||    43
Dodge: Dodged            |    12 |    23 |    41 |    67 ||   143
       Repelled          |       |       |       |     1 ||     1
Block: Other             |     1 |     6 |    27 |    34 ||    68

Table legend: (Time is in decaauts)
 A = Elapsed time spent in this place.
 B = Non-inter-level travel time spent in this place.
 C = Inter-level travel time spent in this place.
 D = Time resting spent in this place.
 E = Time spent auto-exploring this place.
 F = Levels seen in this place.
 G = Mean time per level.
                   A        B        C        D        E       F      G
               +--------+--------+--------+--------+--------+-----+--------+
         Total |   3275 |   3275 |      0 |   2201 |    222 |   1 | 3275.0 |
       Dungeon |   3275 |   3275 |      0 |   2201 |    222 |   1 | 3275.0 |
               +--------+--------+--------+--------+--------+-----+--------+

Top non-repeatable levels by time:
       D: 3275 daAuts
